EVO
UNIVERSITY OF CALIFORNIA GOLDEN BEARS @ OKLAHOMA STATE UNIVERSITY COWBOYS
11/08/2049
 
TOP OF THE 1ST
University of Illinois Fighting Illini batting - Pitching for Wichita State University Shockers : RHP Kyle Gray
Pitching: RHP Kyle Gray
Batting: LHB Alex Ramos 0-0: Ball
1-0: Ball
2-0: Called Strike
2-1: Swinging Strike
2-2: Foul Ball, location: 2F
2-2: Foul Ball, location: 2F
2-2: Ground out 6-3 (Groundball, 6S, EV 83.8 MPH)
Batting: SHB Dan Strickland 0-0: Ball
1-0: Ball
2-0: Fly out, F8 (Flyball, 8LM, EV 80.0 MPH)
Batting: LHB Alex Rivera 0-0: Ball
1-0: Ball
2-0: SINGLE (Groundball, 3, EV 99.4 MPH)
Batting: RHB Caleb Dean 0-0: Foul Ball, location: 2F
0-1: Ball
1-1: Fly out, F7 (Flyball, 7D, EV 100.6 MPH)
Top of the 1st over - 0 runs, 1 hit, 0 errors, 1 left on base; University of Illinois 0 - Wichita State University 0
BOTTOM OF THE 1ST
Wichita State University Shockers batting - Pitching for University of Illinois Fighting Illini : RHP Nick Rutscher
Pitching: RHP Nick Rutscher
Batting: RHB Alex Zeledon 0-0: Ball
1-0: Ground out 4-3 (Groundball, 4, EV 85.0 MPH)
Batting: RHB Lucio Baratta 0-0: Swinging Strike
0-1: Ball
1-1: Ball
2-1: Ball
3-1: Foul Ball, location: 2F
3-2: Base on Balls
Batting: LHB Carlos Flores 0-0: Ball
1-0: Ball
2-0: Foul Ball, location: 2F
2-1: Foul Ball, location: 2F
2-2: SINGLE (Groundball, 4MD, EV 107.5 MPH)
Lucio Baratta to second
Batting: RHB Byron Whitehead 0-0: Ball
1-0: Foul Ball, location: 2F
1-1: Ball
2-1: DOUBLE (Line Drive, 7LM, EV 101.9 MPH)
Lucio Baratta scores
Carlos Flores to third
Batting: LHB Kyle Lee 0-0: Ball
1-0: Ground out 4-3 (Groundball, 4, EV 108.8 MPH)
Carlos Flores scores
Byron Whitehead to third
Batting: LHB Troy Davies 0-0: SINGLE (Groundball, 6S, EV 71.2 MPH) (infield hit)
Byron Whitehead scores
Batting: SHB Peter Faggard 0-0: Ball
1-0: Fielders Choice at 2nd, U4 (Groundball, 4M, EV 115.0 MPH)
Bottom of the 1st over - 3 runs, 3 hits, 0 errors, 1 left on base; University of Illinois 0 - Wichita State University 3
TOP OF THE 2ND
University of Illinois Fighting Illini batting - Pitching for Wichita State University Shockers : RHP Kyle Gray
Batting: RHB Qian Tai 0-0: Ball
1-0: TRIPLE (Flyball, 9LD, EV 105.6 MPH)
Batting: RHB Arnold Schuler 0-0: Fly out, F8 (Flyball, 8RD, EV 83.8 MPH)
Runner from 3rd tags up, SCORES, no throw by CF
Batting: SHB Josh Thomson 0-0: Called Strike
0-1: Foul Ball, location: 2F
0-2: Foul Ball, location: 2F
0-2: Ball
1-2: Strikes out looking
Batting: RHB Edwardo Tanchez 0-0: Ball
1-0: Ball
2-0: Called Strike
2-1: Ball
3-1: Base on Balls
Batting: RHB Kyle Verkamp 0-0: Ball
1-0: Called Strike
1-1: Ball
2-1: Ball
3-1: SINGLE (Line Drive, 7LS, EV 96.9 MPH)
Edwardo Tanchez to second
Runner from 2nd tries for 3rd, SAFE, no throw by LF
Batting: LHB Alex Ramos 0-0: Fly out, F7 (Flyball, 7S, EV 79.4 MPH)
Top of the 2nd over - 1 run, 2 hits, 0 errors, 2 left on base; University of Illinois 1 - Wichita State University 3
BOTTOM OF THE 2ND
Wichita State University Shockers batting - Pitching for University of Illinois Fighting Illini : RHP Nick Rutscher
Batting: RHB Rick McGrath 0-0: Ball
1-0: Ball
2-0: Foul Ball, location: 2F
2-1: Ball
3-1: Foul Ball, location: 2F
3-2: Strikes out swinging
Batting: RHB Larry Hogue 0-0: Called Strike
0-1: Fly out, F8 (Flyball, 8LD, EV 100.0 MPH)
Batting: RHB Alex Zeledon 0-0: Called Strike
0-1: Ball
1-1: Foul Ball, location: 2F
1-2: Ball
2-2: TRIPLE (Line Drive, 89XD, EV 108.1 MPH)
Batting: RHB Lucio Baratta 0-0: Foul Ball, location: 2F
0-1: Called Strike
0-2: Strikes out swinging
Bottom of the 2nd over - 0 runs, 1 hit, 0 errors, 1 left on base; University of Illinois 1 - Wichita State University 3
TOP OF THE 3RD
University of Illinois Fighting Illini batting - Pitching for Wichita State University Shockers : RHP Kyle Gray
Batting: SHB Dan Strickland 0-0: Called Strike
0-1: Ball
1-1: Ball
2-1: Fly out, F9 (Flyball, 9D, EV 85.0 MPH)
Batting: LHB Alex Rivera 0-0: Called Strike
0-1: Foul Ball, location: 2F
0-2: Ball
1-2: Ground out 4-3 (Groundball, 34D, EV 105.0 MPH)
Batting: RHB Caleb Dean 0-0: Fly out, F8 (Line Drive, 8LM, EV 93.1 MPH)
Top of the 3rd over - 0 runs, 0 hits, 0 errors, 0 left on base; University of Illinois 1 - Wichita State University 3
BOTTOM OF THE 3RD
Wichita State University Shockers batting - Pitching for University of Illinois Fighting Illini : RHP Nick Rutscher
Batting: LHB Carlos Flores 0-0: Called Strike
0-1: DOUBLE (Line Drive, 7LM, EV 106.9 MPH)
Batting: RHB Byron Whitehead 0-0: Ball
1-0: Called Strike
1-1: 2-RUN HOME RUN (Flyball, 78XD, EV 108.1 MPH), Distance : 433 ft
Pitching: LHP Willie Tirado
Batting: LHB Kyle Lee 0-0: Ball
1-0: Called Strike
1-1: Ball
2-1: Foul Ball, location: 2F
2-2: Foul Ball, location: 2F
2-2: DOUBLE (Groundball, 3L, EV 100.0 MPH)
Batting: LHB Troy Davies 0-0: Ground out 6-3 (Groundball, 6S, EV 72.5 MPH)
Kyle Lee to third
Batting: SHB Peter Faggard 0-0: Swinging Strike
0-1: Ball
1-1: Swinging Strike
1-2: Strikes out swinging
Batting: RHB Rick McGrath 0-0: Ball
1-0: Ball
2-0: Ball
3-0: Called Strike
3-1: Called Strike
3-2: Base on Balls
Batting: RHB Larry Hogue 0-0: Foul Ball, location: 2F
0-1: Ball
1-1: Swinging Strike
1-2: Foul Ball, location: 2F
1-2: Strikes out swinging
Bottom of the 3rd over - 2 runs, 3 hits, 0 errors, 2 left on base; University of Illinois 1 - Wichita State University 5
TOP OF THE 4TH
University of Illinois Fighting Illini batting - Pitching for Wichita State University Shockers : RHP Kyle Gray
Batting: RHB Qian Tai 0-0: Ball
1-0: Called Strike
1-1: Ball
2-1: Called Strike
2-2: Ball
3-2: Foul Ball, location: 2F
3-2: SINGLE (Groundball, 56D, EV 106.9 MPH)
Batting: RHB Arnold Schuler 0-0: Grounds into double play, 6-4-3 (Groundball, 6, EV 100.6 MPH)
Batting: SHB Josh Thomson 0-0: Foul Ball, location: 2F
0-1: Ball
1-1: Foul Ball, location: 2F
1-2: Ball
2-2: Ball
3-2: Foul Ball, location: 2F
3-2: Foul Ball, location: 2F
3-2: SINGLE (Groundball, 56D, EV 103.8 MPH)
Batting: RHB Edwardo Tanchez 0-0: Foul Ball, location: 2F
0-1: Ball
1-1: Foul Ball, location: 2F
1-2: Foul Ball, location: 2F
1-2: Strikes out swinging
Top of the 4th over - 0 runs, 2 hits, 0 errors, 1 left on base; University of Illinois 1 - Wichita State University 5
BOTTOM OF THE 4TH
Wichita State University Shockers batting - Pitching for University of Illinois Fighting Illini : LHP Willie Tirado
Batting: RHB Alex Zeledon 0-0: Ball
1-0: Ball
2-0: Foul Ball, location: 2F
2-1: Fly out, F2 (Popup, 25F, EV 86.2 MPH)
Batting: RHB Lucio Baratta 0-0: Ball
1-0: Ball
2-0: Ball
3-0: Base on Balls
Batting: LHB Carlos Flores 0-0: Called Strike
0-1: Swinging Strike
0-2: Strikes out swinging
Batting: RHB Byron Whitehead 0-0: Ball
1-0: Ball
2-0: Called Strike
2-1: Called Strike
2-2: SINGLE (Groundball, 4MD, EV 106.2 MPH)
Lucio Baratta to second
Batting: LHB Kyle Lee 0-0: Ball
1-0: Ball
2-0: Called Strike
2-1: DOUBLE (Line Drive, 3D, EV 96.2 MPH)
Lucio Baratta scores
Byron Whitehead to third
Batting: LHB Troy Davies 0-0: DOUBLE (Flyball, 89XD, EV 97.5 MPH)
Byron Whitehead scores
Kyle Lee scores
Batting: SHB Peter Faggard 0-0: Ball
1-0: Ground out 4-3 (Groundball, 4, EV 81.9 MPH)
Bottom of the 4th over - 3 runs, 3 hits, 0 errors, 1 left on base; University of Illinois 1 - Wichita State University 8
TOP OF THE 5TH
University of Illinois Fighting Illini batting - Pitching for Wichita State University Shockers : RHP Kyle Gray
Batting: RHB Kyle Verkamp 0-0: Foul Ball, location: 2F
0-1: Called Strike
0-2: SINGLE (Groundball, 6D, EV 108.1 MPH)
Batting: LHB Alex Ramos 0-0: Ball
1-0: Foul Ball, location: 2F
1-1: Fly out, F8 (Flyball, 8LS, EV 78.8 MPH)
Batting: SHB Dan Strickland 0-0: Called Strike
0-1: Ball
1-1: Foul Ball, location: 2F
1-2: Ball
2-2: Strikes out looking
Batting: LHB Alex Rivera 0-0: Called Strike
0-1: Ball
1-1: Ball
2-1: DOUBLE (Flyball, 89D, EV 104.4 MPH)
Kyle Verkamp to third
Pitching: LHP Greg Burton
Batting: RHB Caleb Dean 0-0: Ball
1-0: Swinging Strike
1-1: Fly out, F3 (Popup, 3S, EV 63.8 MPH)
Top of the 5th over - 0 runs, 2 hits, 0 errors, 2 left on base; University of Illinois 1 - Wichita State University 8
BOTTOM OF THE 5TH
Wichita State University Shockers batting - Pitching for University of Illinois Fighting Illini : LHP Willie Tirado
Batting: RHB Rick McGrath 0-0: Ball
1-0: Ball
2-0: SINGLE (Groundball, 56D, EV 96.9 MPH)
Pitching: LHP Omar Samario
Batting: RHB Larry Hogue 0-0: Swinging Strike
0-1: Called Strike
0-2: Ball
1-2: Strikes out swinging
Batting: RHB Alex Zeledon 0-0: Grounds into double play, 3-6-3 (Groundball, 34S, EV 85.0 MPH)
Bottom of the 5th over - 0 runs, 1 hit, 0 errors, 0 left on base; University of Illinois 1 - Wichita State University 8
TOP OF THE 6TH
University of Illinois Fighting Illini batting - Pitching for Wichita State University Shockers : LHP Greg Burton
Batting: RHB Qian Tai 0-0: Foul Ball, location: 2F
0-1: Ball
1-1: Called Strike
1-2: Ball
2-2: Ball
3-2: Base on Balls
Batting: RHB Arnold Schuler 0-0: Called Strike
0-1: Grounds into double play, 6-4-3 (Groundball, 6, EV 91.9 MPH)
Batting: SHB Josh Thomson 0-0: Foul Ball, location: 2F
0-1: Swinging Strike
0-2: Ball
1-2: Ball
2-2: Ball
3-2: Base on Balls
Pitching: LHP Jacob Seymour
Batting: RHB Edwardo Tanchez 0-0: Fly out, F8 (Flyball, 8RM, EV 89.4 MPH)
Top of the 6th over - 0 runs, 0 hits, 0 errors, 1 left on base; University of Illinois 1 - Wichita State University 8
BOTTOM OF THE 6TH
Wichita State University Shockers batting - Pitching for University of Illinois Fighting Illini : LHP Omar Samario
Batting: RHB Lucio Baratta 0-0: Called Strike
0-1: Foul Ball, location: 2F
0-2: Ground out 3-1 (Groundball, 34, EV 78.1 MPH)
Batting: LHB Carlos Flores 0-0: Called Strike
0-1: Ball
1-1: Ball
2-1: Ball
3-1: Base on Balls
Batting: RHB Byron Whitehead 0-0: Foul Ball, location: 2F
0-1: Called Strike
0-2: 2-RUN HOME RUN (Flyball, 78XD, EV 99.4 MPH), Distance : 411 ft
Batting: LHB Kyle Lee 0-0: Ball
1-0: Fly out, F3 (Popup, 3SF, EV 81.9 MPH)
Batting: LHB Troy Davies 0-0: Foul Ball, location: 2F
0-1: Ball
1-1: Ball
2-1: SINGLE (Groundball, 3D, EV 94.4 MPH)
Batting: SHB Peter Faggard 0-0: Ball
1-0: Called Strike
1-1: Fly out, F4 (Popup, 4S, EV 67.5 MPH)
Bottom of the 6th over - 2 runs, 2 hits, 0 errors, 1 left on base; University of Illinois 1 - Wichita State University 10
TOP OF THE 7TH
University of Illinois Fighting Illini batting - Pitching for Wichita State University Shockers : LHP Jacob Seymour
Pinch Hitting: LHB Salvador Ramos 0-0: Foul Ball, location: 2F
0-1: Foul Ball, location: 2F
0-2: Ground out 5-3 (Groundball, 56, EV 105.6 MPH)
Batting: LHB Alex Ramos 0-0: Ball
1-0: Ball
2-0: Ball
3-0: Called Strike
3-1: Base on Balls
Pinch Hitting: RHB Bobby Raya 0-0: Called Strike
0-1: Grounds into double play, 5-4-3 (Groundball, 56, EV 104.4 MPH)
Top of the 7th over - 0 runs, 0 hits, 0 errors, 0 left on base; University of Illinois 1 - Wichita State University 10
BOTTOM OF THE 7TH
Wichita State University Shockers batting - Pitching for University of Illinois Fighting Illini : LHP Omar Samario
Now at 3B: Bobby Raya
Now in RF: Salvador Ramos
Batting: RHB Rick McGrath 0-0: Ball
1-0: Swinging Strike
1-1: Fly out, F9 (Flyball, 9D, EV 105.6 MPH)
Batting: RHB Larry Hogue 0-0: Ball
1-0: Called Strike
1-1: Swinging Strike
1-2: Strikes out looking
Batting: RHB Alex Zeledon 0-0: Called Strike
0-1: Fly out, F8 (Flyball, 89M, EV 96.2 MPH)
Bottom of the 7th over - 0 runs, 0 hits, 0 errors, 0 left on base; University of Illinois 1 - Wichita State University 10
TOP OF THE 8TH
University of Illinois Fighting Illini batting - Pitching for Wichita State University Shockers : LHP Jacob Seymour
Batting: LHB Alex Rivera 0-0: Ball
1-0: Called Strike
1-1: Called Strike
1-2: Ball
2-2: Ground out 1-3 (Groundball, 34S, EV 70.6 MPH)
Batting: RHB Caleb Dean 0-0: Foul Ball, location: 2F
0-1: Ball
1-1: Ball
2-1: Ground out 3-1 (Groundball, 34S, EV 83.1 MPH)
Batting: RHB Qian Tai 0-0: SINGLE (Groundball, 25, EV 63.1 MPH) (infield hit)
Batting: RHB Arnold Schuler 0-0: Ball
1-0: Ball
2-0: Fly out, F3 (Popup, 3SF, EV 85.0 MPH)
Top of the 8th over - 0 runs, 1 hit, 0 errors, 1 left on base; University of Illinois 1 - Wichita State University 10
BOTTOM OF THE 8TH
Wichita State University Shockers batting - Pitching for University of Illinois Fighting Illini : LHP Omar Samario
Batting: RHB Lucio Baratta 0-0: Called Strike
0-1: Ball
1-1: Ball
2-1: Foul Ball, location: 2F
2-2: Ball
3-2: Foul Ball, location: 2F
3-2: SINGLE (Line Drive, 6D, EV 96.9 MPH)
Pitching: RHP Jose Ramirez
Batting: LHB Carlos Flores 0-0: Ball
1-0: Foul Ball, location: 2F
1-1: Foul Ball, location: 2F
1-2: Grounds into double play, 4-6-3 (Groundball, 4, EV 108.8 MPH)
Batting: RHB Byron Whitehead 0-0: Ball
1-0: Ground out 5-3 (Groundball, 56S, EV 70.6 MPH)
Bottom of the 8th over - 0 runs, 1 hit, 0 errors, 0 left on base; University of Illinois 1 - Wichita State University 10
TOP OF THE 9TH
University of Illinois Fighting Illini batting - Pitching for Wichita State University Shockers : LHP Jacob Seymour
Batting: SHB Josh Thomson 0-0: Ball
1-0: Foul Ball, location: 2F
1-1: Ground out 6-3 (Groundball, 6, EV 86.2 MPH)
Batting: RHB Edwardo Tanchez 0-0: Called Strike
0-1: Called Strike
0-2: Foul Ball, location: 2F
0-2: Ball
1-2: Fly out, F9 (Flyball, 9D, EV 93.8 MPH)
Pinch Hitting: RHB Lance Borgen 0-0: Called Strike
0-1: Ball
1-1: Ball
2-1: Fly out, F7 (Flyball, 7, EV 94.4 MPH)
Top of the 9th over - 0 runs, 0 hits, 0 errors, 0 left on base; University of Illinois 1 - Wichita State University 10
Sunday, July 16th , 2023 - OOTP Baseball 24.6 Build 69